 Dungeon Crawl Stone Soup version 0.26-a0-257-g47e9e61525 (webtiles) character file.

Game seed: 17326873806343464975

77 BritishOli the Skirmisher (level 4, -2/35 HPs)
             Began as a Demonspawn Fighter on July 10, 2020.
             Succumbed to Robin's poison
             ... on level 2 of the Dungeon.
             The game lasted 00:01:40 (1518 turns).

BritishOli the Skirmisher (Demonspawn Fighter)      Turns: 1518, Time: 00:01:41

Health: -2/35      AC:  6    Str: 18    XL:     4   Next: 13%
Magic:  4/4        EV:  7    Int:  9    God:
Gold:   128        SH:  9    Dex: 12    Spells: 3/3 levels left

rFire    . . .     SeeInvis .   a - +1 long sword
rCold    . . .     Faith    .   c - +0 kite shield
rNeg     . . .     Spirit   .   b - +0 scale mail
rPois    .         Reflect  .   (no helmet)
rElec    .         Harm     .   (no cloak)
rCorr    .                      (no gloves)
MR       .....                  (no boots)
Stlth    ..........             (no amulet)
HPRegen  0.11/turn              h - ring of wizardry
MPRegen  0.09/turn              (no ring)

@: lethally poisoned (-2 -> -27)
A: demonic guardian 1
a: no special abilities


You were on level 2 of the Dungeon.
You were not hungry.

You visited 1 branch of the dungeon, and saw 2 of its levels.

You collected 128 gold pieces.

Inventory:

Hand Weapons
 a - a +1 long sword (weapon)
Missiles
 q - 2 throwing nets (quivered)
Armour
 b - a +0 scale mail (worn)
 c - a +0 kite shield (worn)
Jewellery
 h - a ring of wizardry (left hand)
Wands
 m - a wand of iceblast (12)
Scrolls
 g - a scroll of magic mapping
 s - a scroll of fog {unknown}
Potions
 d - a potion of might
 e - a potion of curing {unknown}
 i - a potion of degeneration {unknown}
 k - a potion of haste {unknown}
 l - 2 potions of heal wounds {unknown}
 o - a potion of berserk rage {unknown}
Comestibles
 f - 3 rations


   Skills:
 + Level 3.4 Fighting
 * Level 2.8 Long Blades
 + Level 3.1 Armour
 + Level 3.1 Shields


You had 3 spell levels left.
You didn't know any spells.
Your spell library was empty.

Dungeon Overview and Level Annotations

Branches:
Dungeon (2/15)

Altars:
Cheibriados

Annotations:
D:2 Robin


Innate Abilities, Weirdness & Mutations

A weak demonic guardian rushes to your aid.


Message History

You feel sick. Robin hits you but does no damage.
You are more poisoned.
You hit Robin.
Robin is moderately wounded.
* * * LOW HITPOINT WARNING * * *
You feel sick. You block Robin's attack. Robin barely misses you.
You hit Robin.
Robin is moderately wounded.
* * * LOW HITPOINT WARNING * * *
You feel very sick.
Robin's horned helmet rattles.
You block Robin's attack.
You closely miss Robin.
Robin is moderately wounded.
* * * LOW HITPOINT WARNING * * *
You feel sick. Robin completely misses you. Robin hits you but does no damage.
You are more poisoned.
You barely miss Robin.
Robin is moderately wounded.
You die...

*,,,,8*,,,,,.>.#.
####*##....#*,,,,,.....
##...##.....#*,,****###.
##.....#.....##,** #.
#......,.....⌠*,** ####.
#......,*..g.#*,,* ##....
#......,*,..g#**,###....#
*#.....####))##*.......#.
*#.....)@g.()8#..#.......
#.......##...##..........
#....^..###..##..........
#.......# #.(###.........
##.....## #..8#.....#####
##...#* #..##....### #
####* #..........# #
#..........####
##.............


You could see Robin.

Vanquished Creatures
  3 adders (D:2)
  An ooze (D:1)
  A worm (D:2)
  A leopard gecko (D:2)
  4 bats
  A giant cockroach (D:1)
  9 goblins
  4 hobgoblins
  5 kobolds
  A quokka (D:2)
  5 rats
35 creatures vanquished.

Vanquished Creatures (collateral kills)
  5 goblins (D:2)
5 creatures vanquished.

Grand Total: 40 creatures vanquished

Notes
Turn   | Place    | Note
-------+----------+-------------------------------------------
     0 | D:1      | BritishOli the Demonspawn Fighter began the quest for the
                  | Orb.
     0 | D:1      | Reached XP level 1. HP: 18/18 MP: 1/1
   363 | D:1      | Gained mutation: A weak demonic guardian rushes to your
                  | aid. [demonic ancestry]
   363 | D:1      | Reached XP level 2. HP: 24/24 MP: 2/2
   956 | D:2      | Reached XP level 3. HP: 26/29 MP: 3/3
  1474 | D:2      | Found a snail-covered altar of Cheibriados.
  1489 | D:2      | Noticed Robin
  1493 | D:2      | Reached XP level 4. HP: 30/35 MP: 4/4
  1517 | D:2      | HP: 1/35 [poisoned by Robin]
  1518 | D:2      | Succumbed to Robin's poison

Illustrated notes

Levels and vault maps discovered:
D:1:      arrival_zaba_pyramid, layout_basic, minmay_tree_intersection
D:2:      layout_rooms, cheibriados_altar_1, chequers_ecumenical_altar_lobes,
          corexii_hall_statues_i, chequers_hall_statues_wall_a,
          minmay_misc_feat_five, minmay_heptomino_d4, uniq_robin

Skill      XL: |  1  2  3 |
---------------+----------+-----
Long Blades    | 2 |  2.8
Shields        | 3 |  3.1
Armour         | 3 |  3.1
Fighting       | |  3.4

Action                   |  1- 3 |  4- 6 || total
-------------------------+-------+-------++-------
Melee: Long sword        |    90 |    18 ||   108
  Use: Scroll            |     4 |       ||     4
  Eat: Ration            |     1 |       ||     1
Armor: Scale mail        |    39 |    15 ||    54
Dodge: Dodged            |    33 |     8 ||    41
Block: Kite shield       |    51 |    11 ||    62
       Rpst.: Long sword |    13 |     2 ||    15

Table legend:
 A = Non-vault XP
 B = Vault XP
 C = Vault XP percentage of total XP
 D = Non-vault monster count
 E = Vault monster count
 F = Vault count percentage of total count
                 A         B        C        D         E       F
            +---------+---------+-------+---------+---------+-------
      Total |      79 |      31 |  28.2 |      27 |      13 |  32.5
            +---------+---------+-------+---------+---------+-------
        D:1 |      32 |       0 |   0.0 |      16 |       0 |   0.0
        D:2 |      47 |      31 |  39.7 |      11 |      13 |  54.2
            +---------+---------+-------+---------+---------+-------
